IL
DURHAM BULLS @ NORFOLK TIDES
05/18/2099
 
TOP OF THE 1ST
Durham Bulls batting - Pitching for Norfolk Tides : RHP Eric Dick
Pitching: RHP Eric Dick
Batting: RHB Chris Castaneda 0-0: Ball
1-0: Fly out, F8 (Flyball, 8LM, EV 75.0 MPH)
Batting: RHB Luis Rubio 0-0: Called Strike
0-1: Called Strike
0-2: Fly out, F8 (Flyball, 89M, EV 90.6 MPH)
Batting: RHB Pat Zinn 0-0: Called Strike
0-1: Fly out, F9 (Flyball, 9LD, EV 88.8 MPH)
Top of the 1st over - 0 runs, 0 hits, 0 errors, 0 left on base; Durham 0 - Norfolk 0
BOTTOM OF THE 1ST
Norfolk Tides batting - Pitching for Durham Bulls : RHP Bobby Schuette
Pitching: RHP Bobby Schuette
Batting: LHB Andres Lopez 0-0: Ball
1-0: Ball
2-0: Foul Ball, location: 23F
2-1: Called Strike
2-2: Foul Ball, location: 2LF
2-2: DOUBLE (Line Drive, 7LS, EV 98.1 MPH)
Batting: RHB Lloyd Hallamore 0-0: Called Strike
0-1: Foul Ball, location: 2F
0-2: Ball
1-2: Strikes out swinging
Batting: RHB Anthon de Graauw 0-0: Ball
1-0: Ball
2-0: Foul Ball, location: 3F
2-1: Ball
3-1: Called Strike
3-2: DOUBLE (Line Drive, 9LD, EV 105.0 MPH)
Andres Lopez scores
Batting: LHB Kevin Traynham 0-0: Called Strike
0-1: Ball
1-1: Foul Ball, location: 5F
1-2: Strikes out looking
Batting: RHB Dale Norvell 0-0: Ball
1-0: Ball
2-0: Called Strike
2-1: Foul Ball, location: 2F
2-2: Strikes out swinging
Bottom of the 1st over - 1 run, 2 hits, 0 errors, 1 left on base; Durham 0 - Norfolk 1
TOP OF THE 2ND
Durham Bulls batting - Pitching for Norfolk Tides : RHP Eric Dick
Batting: RHB Matt Collier 0-0: Swinging Strike
0-1: Called Strike
0-2: Strikes out swinging
Batting: LHB Jose Meza 0-0: Ball
1-0: Foul Ball, location: 2F
1-1: Ball
2-1: Called Strike
2-2: Foul Ball, location: 7LMF
2-2: Foul Ball, location: 2F
2-2: Foul Ball, location: 2F
2-2: SINGLE (Groundball, 4MD, EV 100.0 MPH)
Batting: RHB Allen Castellanos 0-0: Swinging Strike
0-1: Called Strike
0-2: Strikes out looking
Batting: RHB A.J. Adair 0-0: Ball
1-0: Called Strike
1-1: Swinging Strike
1-2: Strikes out looking
Top of the 2nd over - 0 runs, 1 hit, 0 errors, 1 left on base; Durham 0 - Norfolk 1
BOTTOM OF THE 2ND
Norfolk Tides batting - Pitching for Durham Bulls : RHP Bobby Schuette
Batting: LHB Jesus Garcia 0-0: Called Strike
0-1: Ball
1-1: Foul Ball, location: 2F
1-2: Foul Ball, location: 5SF
1-2: Strikes out swinging
Batting: RHB George Champagne 0-0: Ball
1-0: Ball
2-0: Fly out, F9 (Flyball, 9LS, EV 95.0 MPH)
Batting: RHB Evan Keaton 0-0: Swinging Strike
0-1: DOUBLE (Groundball, 5L, EV 98.1 MPH)
Batting: RHB Gene Wilcox 0-0: Ball
1-0: SINGLE (Groundball, 25, EV 66.3 MPH) (infield hit)
Evan Keaton to third
Batting: LHB Andres Lopez 0-0: Called Strike
0-1: Ball
1-1: Called Strike
1-2: Foul Ball, location: 23F
1-2: Strikes out looking
Bottom of the 2nd over - 0 runs, 2 hits, 0 errors, 2 left on base; Durham 0 - Norfolk 1
TOP OF THE 3RD
Durham Bulls batting - Pitching for Norfolk Tides : RHP Eric Dick
Batting: RHB Ken Conley 0-0: Called Strike
0-1: DOUBLE (Flyball, 89D, EV 95.0 MPH)
Batting: RHB Mike Hott 0-0: Ball
1-0: Ground out 6-3 (Groundball, 6, EV 97.5 MPH)
Batting: RHB Chris Castaneda 0-0: Ball
1-0: Called Strike
1-1: Ball
2-1: Ball
3-1: Base on Balls
Batting: RHB Luis Rubio 0-0: Ball
1-0: Fielders Choice at 2nd, 4-6 (Groundball, 4, EV 83.1 MPH)
Ken Conley to third
Batting: RHB Pat Zinn 0-0: Called Strike
0-1: Foul Ball, location: 5FF
0-2: Foul Ball, location: 5FF
0-2: Strikes out looking
Top of the 3rd over - 0 runs, 1 hit, 0 errors, 2 left on base; Durham 0 - Norfolk 1
BOTTOM OF THE 3RD
Norfolk Tides batting - Pitching for Durham Bulls : RHP Bobby Schuette
Batting: RHB Lloyd Hallamore 0-0: Foul Ball, location: 5FF
0-1: Ball
1-1: Ball
2-1: Foul Ball, location: 9LMF
2-2: Foul Ball, location: 2F
2-2: Foul Ball, location: 2LF
2-2: Foul Ball, location: 9LSF
2-2: Ball
3-2: SINGLE (Groundball, 4M, EV 82.5 MPH) (infield hit)
Batting: RHB Anthon de Graauw 0-0: Ball
1-0: Ball
2-0: Called Strike
2-1: Ball
3-1: Swinging Strike
3-2: Foul Ball, location: 23FF
3-2: Foul Ball, location: 9LDF
3-2: Foul Ball, location: 3SF
3-2: Base on Balls
Lloyd Hallamore to second
Batting: LHB Kevin Traynham 0-0: Swinging Strike
0-1: Called Strike
0-2: Foul Ball, location: 5FF
0-2: Grounds into double play, 6-4-3 (Groundball, 6, EV 83.8 MPH)
Lloyd Hallamore to third
Batting: RHB Dale Norvell 0-0: Foul Ball, location: 7LSF
0-1: Ball
1-1: Foul Ball, location: 5F
1-2: Foul Ball, location: 9LMF
1-2: Foul Ball, location: 3F
1-2: Fly out, F9 (Flyball, 9, EV 91.3 MPH)
Bottom of the 3rd over - 0 runs, 1 hit, 0 errors, 1 left on base; Durham 0 - Norfolk 1
TOP OF THE 4TH
Durham Bulls batting - Pitching for Norfolk Tides : RHP Eric Dick
Batting: RHB Matt Collier 0-0: Ball
1-0: Fly out, F9 (Flyball, 9LS, EV 93.1 MPH)
Batting: LHB Jose Meza 0-0: Ball
1-0: Called Strike
1-1: Ball
2-1: Fly out, F8 (Flyball, 8RD, EV 85.6 MPH)
Batting: RHB Allen Castellanos 0-0: Ball
1-0: Ball
2-0: Foul Ball, location: 2F
2-1: Ground out 5-3 (Groundball, 56, EV 88.1 MPH)
Top of the 4th over - 0 runs, 0 hits, 0 errors, 0 left on base; Durham 0 - Norfolk 1
BOTTOM OF THE 4TH
Norfolk Tides batting - Pitching for Durham Bulls : RHP Bobby Schuette
Batting: LHB Jesus Garcia 0-0: Foul Ball, location: 2F
0-1: Ball
1-1: Foul Ball, location: 2F
1-2: Ball
2-2: Fly out, F8 (Line Drive, 8LD, EV 99.4 MPH)
Batting: RHB George Champagne 0-0: Foul Ball, location: 2F
0-1: Ball
1-1: Foul Ball, location: 9LMF
1-2: Strikes out swinging
Batting: RHB Evan Keaton 0-0: Called Strike
0-1: Ball
1-1: Foul Ball, location: 2F
1-2: Ball
2-2: Ground out 5-3 (Groundball, 56S, EV 81.9 MPH)
Bottom of the 4th over - 0 runs, 0 hits, 0 errors, 0 left on base; Durham 0 - Norfolk 1
TOP OF THE 5TH
Durham Bulls batting - Pitching for Norfolk Tides : RHP Eric Dick
Batting: RHB A.J. Adair 0-0: Swinging Strike
0-1: Swinging Strike
0-2: Strikes out swinging
Batting: RHB Ken Conley 0-0: Swinging Strike
0-1: Swinging Strike
0-2: Ball
1-2: Fly out, F8 (Flyball, 8LM, EV 80.6 MPH)
Batting: RHB Mike Hott 0-0: Ball
1-0: Swinging Strike
1-1: Called Strike
1-2: Strikes out looking
Top of the 5th over - 0 runs, 0 hits, 0 errors, 0 left on base; Durham 0 - Norfolk 1
BOTTOM OF THE 5TH
Norfolk Tides batting - Pitching for Durham Bulls : RHP Bobby Schuette
Batting: RHB Gene Wilcox 0-0: Swinging Strike
0-1: Ball
1-1: Foul Ball, location: 3F
1-2: Strikes out looking
Batting: LHB Andres Lopez 0-0: Called Strike
0-1: Ball
1-1: Foul Ball, location: 2F
1-2: Ball
2-2: Strikes out swinging
Batting: RHB Lloyd Hallamore 0-0: Ball
1-0: Ball
2-0: Called Strike
2-1: Swinging Strike
2-2: Ground out 6-3 (Groundball, 6, EV 86.9 MPH)
Bottom of the 5th over - 0 runs, 0 hits, 0 errors, 0 left on base; Durham 0 - Norfolk 1
TOP OF THE 6TH
Durham Bulls batting - Pitching for Norfolk Tides : RHP Eric Dick
Batting: RHB Chris Castaneda 0-0: Ball
1-0: Called Strike
1-1: Ground out U3 (Groundball, 34S, EV 82.5 MPH)
Batting: RHB Luis Rubio 0-0: Ball
1-0: Called Strike
1-1: Called Strike
1-2: Foul Ball, location: 2F
1-2: Foul Ball, location: 2F
1-2: Strikes out swinging
Batting: RHB Pat Zinn 0-0: Foul Ball, location: 2RF
0-1: DOUBLE (Line Drive, 89XD, EV 106.9 MPH)
Batting: RHB Matt Collier 0-0: Ball
1-0: Ball
2-0: Ball
3-0: Called Strike
3-1: Called Strike
3-2: Strikes out swinging
Top of the 6th over - 0 runs, 1 hit, 0 errors, 1 left on base; Durham 0 - Norfolk 1
BOTTOM OF THE 6TH
Norfolk Tides batting - Pitching for Durham Bulls : RHP Bobby Schuette
Batting: RHB Anthon de Graauw 0-0: Swinging Strike
0-1: Ball
1-1: Swinging Strike
1-2: Ball
2-2: Strikes out swinging
Batting: LHB Kevin Traynham 0-0: Ball
1-0: Ground out 4-3 (Groundball, 4M, EV 77.5 MPH)
Batting: RHB Dale Norvell 0-0: Ball
1-0: Swinging Strike
1-1: SOLO HOME RUN (Flyball, 8LXD, EV 111.9 MPH), Distance : 424 ft
Batting: LHB Jesus Garcia 0-0: Ball
1-0: Ball
2-0: Ball
3-0: Called Strike
3-1: Base on Balls
Pitching: LHP Danny Quintanilla
Batting: RHB George Champagne 0-0: Foul Ball, location: 9LSF
0-1: Ball
1-1: Foul Ball, location: 5F
1-2: Ball
2-2: Fly out, F9 (Flyball, 89D, EV 83.8 MPH)
Bottom of the 6th over - 1 run, 1 hit, 0 errors, 1 left on base; Durham 0 - Norfolk 2
TOP OF THE 7TH
Durham Bulls batting - Pitching for Norfolk Tides : RHP Eric Dick
Batting: LHB Jose Meza 0-0: Ball
1-0: Swinging Strike
1-1: Ball
2-1: Swinging Strike
2-2: Strikes out swinging
Batting: RHB Allen Castellanos 0-0: Ball
1-0: Ball
2-0: Foul Ball, location: 2F
2-1: Foul Ball, location: 2F
2-2: SINGLE (Groundball, 56D, EV 99.4 MPH)
Batting: RHB A.J. Adair 0-0: Called Strike
0-1: Ball
1-1: Ball
2-1: Ball
3-1: Called Strike
3-2: Base on Balls
Allen Castellanos to second
Pinch Hitting: LHB Xavier Longoria 0-0: Ball
1-0: Ball
2-0: Foul Ball, location: 2F
2-1: Ball
3-1: Swinging Strike
3-2: Strikes out looking
Batting: RHB Mike Hott 0-0: Called Strike
0-1: Ball
1-1: Ball
2-1: Called Strike
2-2: Ball
3-2: Strikes out swinging
Top of the 7th over - 0 runs, 1 hit, 0 errors, 2 left on base; Durham 0 - Norfolk 2
BOTTOM OF THE 7TH
Norfolk Tides batting - Pitching for Durham Bulls : LHP Danny Quintanilla
Pitching: RHP Danny Flores
Now in CF: Jorge Amaya
Batting: RHB Evan Keaton 0-0: Ball
1-0: Ball
2-0: Fly out, F6 (Line Drive, 6, EV 71.3 MPH)
Batting: RHB Gene Wilcox 0-0: Called Strike
0-1: Ball
1-1: Ball
2-1: DOUBLE (Line Drive, 3D, EV 98.8 MPH)
Batting: LHB Andres Lopez 0-0: Intentional Walk
Batting: RHB Lloyd Hallamore 0-0: Foul Ball, location: 2RF
0-1: Ball
Gene Wilcox steals 3rd base
Andres Lopez to second
1-1: Foul Ball, location: 25F
1-2: Ball
2-2: Foul Ball, location: 7LSFF
2-2: Foul Ball, location: 5F
2-2: Strikes out looking
Batting: RHB Anthon de Graauw 0-0: Ball
1-0: Ball
2-0: Ball
3-0: Called Strike
3-1: Swinging Strike
3-2: Base on Balls
Batting: LHB Kevin Traynham 0-0: Ground out 4-3 (Groundball, 4, EV 86.9 MPH)
Bottom of the 7th over - 0 runs, 1 hit, 0 errors, 3 left on base; Durham 0 - Norfolk 2
TOP OF THE 8TH
Durham Bulls batting - Pitching for Norfolk Tides : RHP Eric Dick
Now in LF: Anthon de Graauw
Now in RF: Ryan Anderson
Batting: RHB Chris Castaneda 0-0: Foul Ball, location: 9LMF
0-1: Ball
1-1: Called Strike
1-2: Foul Ball, location: 23F
1-2: Strikes out swinging
Batting: RHB Luis Rubio 0-0: Ball
1-0: Ball
2-0: Ball
3-0: Called Strike
3-1: Ground out 6-3 (Groundball, P, EV 86.9 MPH)
Batting: RHB Pat Zinn 0-0: Ball
1-0: Ball
2-0: Swinging Strike
2-1: DOUBLE (Line Drive, 78XD, EV 103.1 MPH)
Batting: RHB Matt Collier 0-0: Called Strike
0-1: Foul Ball, location: 7LMF
0-2: Foul Ball, location: 9LMF
0-2: Foul Ball, location: 2RF
0-2: Strikes out swinging
Top of the 8th over - 0 runs, 1 hit, 0 errors, 1 left on base; Durham 0 - Norfolk 2
BOTTOM OF THE 8TH
Norfolk Tides batting - Pitching for Durham Bulls : RHP Danny Flores
Batting: RHB Ryan Anderson 0-0: Called Strike
0-1: Swinging Strike
0-2: Strikes out swinging
Batting: LHB Jesus Garcia 0-0: Called Strike
0-1: Ball
1-1: Ball
2-1: Foul Ball, location: 9LMF
2-2: Strikes out looking
Batting: RHB George Champagne 0-0: Called Strike
0-1: Foul Ball, location: 3FF
0-2: Strikes out swinging
Bottom of the 8th over - 0 runs, 0 hits, 0 errors, 0 left on base; Durham 0 - Norfolk 2
TOP OF THE 9TH
Durham Bulls batting - Pitching for Norfolk Tides : RHP Eric Dick
Batting: LHB Jose Meza 0-0: Ground out 1-3 (Groundball, 13S, EV 62.5 MPH)
Batting: RHB Allen Castellanos 0-0: Called Strike
0-1: Ball
1-1: Fly out, F9 (Flyball, 89S, EV 90.6 MPH)
Batting: RHB A.J. Adair 0-0: DOUBLE (Flyball, 8RXD, EV 96.9 MPH)
Batting: RHB Jorge Amaya 0-0: Called Strike
0-1: Foul Ball, location: 2F
0-2: Strikes out swinging
Top of the 9th over - 0 runs, 1 hit, 0 errors, 1 left on base; Durham 0 - Norfolk 2
Monday, May 6th , 2024 - OOTP Baseball 24.11 Build 85